 Dungeon Crawl Stone Soup version 0.31.0-12-g77e489cdc1 (webtiles) character file.

Game seed: 16698660704473537774

33 KennySheep the Chopper (level 3, -6/33 HPs)
             Began as a Hill Orc Monk on Mar 2, 2024.
             Mangled by a gnoll
             ... wielding a +0 flail
              (13 damage)
             ... on level 2 of the Dungeon.
             The game lasted 00:01:25 (1011 turns).

KennySheep the Chopper (Hill Orc Monk)              Turns: 1011, Time: 00:01:25

Health: -6/33      AC:  2    Str: 15    XL:     3   Next: 29%
Magic:  3/3        EV: 12    Int: 10    God:
Gold:   43         SH:  0    Dex: 13    Spells: 2/2 levels left

rFire   . . .        a - +0 hand axe
rCold   . . .        d - orb {light}
rNeg    . . .        b - +0 robe
rPois   .            (no helmet)
rElec   .            (no cloak)
rCorr   .            (no gloves)
SInv    .            (no boots)
Will    .....        (no amulet)
Stlth   +            (no ring)
HPRegen 0.25/turn    (no ring)
MPRegen 0.08/turn

%: no passive effects
@: glowing
A: no striking features
a: no special abilities


You were on level 2 of the Dungeon.
You visited 1 branch of the dungeon, and saw 2 of its levels.

You collected 43 gold pieces.

Inventory:

Hand Weapons
 a - a +0 hand axe (weapon)
Armour
 b - a +0 robe (worn)
 d - an orb of light (worn)
Scrolls
 e - a scroll of teleportation {unknown}
 g - a scroll of poison {unknown}
 i - 2 scrolls of identify {unknown}
 j - a scroll of amnesia {unknown}
 k - a scroll of vulnerability {unknown}
 l - a scroll of silence {unknown}
 m - a scroll of noise {unknown}
 n - a scroll of enchant armour {unknown}
Potions
 c - a potion of ambrosia
 f - 3 potions of curing {unknown}
 h - a potion of berserk rage {unknown}


   Skills:
 + Level 4.2 Fighting
 * Level 5.2 Axes
 - Level 2.4 Dodging


You had 2 spell levels left.
You didn't know any spells.
Your spell library was empty.

Dungeon Overview and Level Annotations

Branches:
Dungeon (2/15)

Altars:


Message History

Done exploring.
Done exploring.
There is an open door here.
There is a stone staircase leading down here.
You climb downwards.
There is a stone staircase leading up here. 2 gnolls come into view.
The gnoll shouts!
You hear a shout! x2
The gnoll hits you with a +0 club!
A gnoll comes into view. It is wielding a +0 spear.
You hit the gnoll.
The gnoll is moderately wounded.
The gnoll closely misses you.
You hit the gnoll but do no damage.
The gnoll is moderately wounded.
The gnoll hits you with a +0 club.
You hit the gnoll.
The gnoll is severely wounded.
The gnoll hits you with a +0 club.
You hit the gnoll.
The gnoll is severely wounded.
The gnoll hits you with a +0 club.
You hit the gnoll.
You kill the gnoll!
You hit the gnoll.
The gnoll is moderately wounded.
The gnoll hits you with a +0 flail!
* * * LOW HITPOINT WARNING * * *
A kobold comes into view. It is wielding a +0 dagger.
The kobold shouts!
You hit the gnoll.
The gnoll is heavily wounded.
The gnoll barely misses you.
You hit the gnoll.
The gnoll is heavily wounded.
The gnoll closely misses you.
You hit the gnoll.
The gnoll is almost dead.
The gnoll hits you with a +0 flail!
You die...

##########.#
#<.@ggg.K..#
#..#########
#..# #..#
#..# #.##
###


You could see 3 gnolls and a kobold.

Vanquished Creatures
  A gnoll (D:2)
  A dart slug (D:1)
  2 bats (D:1)
  3 endoplasms (D:1)
  2 goblins (D:1)
  5 hobgoblins (D:1)
  A ball python (D:1)
  2 kobolds (D:1)
  3 rats (D:1)
20 creatures vanquished.

Notes
Turn   | Place    | Note
-------+----------+-------------------------------------------
     0 | D:1      | KennySheep the Hill Orc Monk began the quest for the Orb.
     0 | D:1      | Reached XP level 1. HP: 19/19 MP: 1/1
   177 | D:1      | Reached XP level 2. HP: 24/27 MP: 2/2
   762 | D:1      | Reached skill level 5 in Axes
   834 | D:1      | Reached XP level 3. HP: 33/33 MP: 3/3
  1011 | D:2      | Mangled by a gnoll

Illustrated notes

Levels and vault maps discovered:
D:1:      minmay_arrival_four_loops, layout_basic, serial_bayou,
          serial_bayou_pond_e, serial_bayou_pond_d, serial_bayou_lake_a,
          serial_bayou_lagoon_a
D:2:      layout_basic, minmay_misc_feat_roman, minmay_worlds_worst_comb

Skill      XL: |  1  2 |
---------------+-------+-----
Fighting       | 4 |  4.2
Axes           | 5 |  5.2
Dodging        | |  2.4

Action                     || total
---------------------------++-------
  Melee: Hand axe          ||    73
 Armour: Robe              ||    47
  Dodge: Dodged            ||    44
